AoeStats
← CazadorGT

MegaRandom

507355665Analyzed
2v2 RM · 15d ago on Sep 17, 2026· 53m 12s· 4 players
Game mode
Random Map
Map size
Medium (4 player)
Population
200
Speed
Normal
Resources
Standard
Victory
Conquest
Starting age
Dark Age
Ending age
Imperial Age
RankedLock teamsTeams togetherTeam positionsShared explorationLock speedFull tech treeHidden civsTurbo modeCheats
Victory
Defeat
🇬🇹 Mongols · Guatemala
1127
+13
🇮🇹 Magyars · Italy
935
+21
🇨🇭 Lithuanians · Switzerland
1074
-18
🇨🇦 Tupi · Canada
1025
-16
CazadorGT
0:33 Loom
9:45 Feudal Age
10:52 Double-Bit Axe
12:59 Fletching
14:51 Forging
15:52 Padded Archer Armor
20:27 Castle Age
19:59 Gold Mining
19:51 Horse Collar
21:31 Bodkin Arrow
21:31 Crossbowman
24:41 Bow Saw
25:23 Leather Archer Armor
27:19 Wheelbarrow
31:14 Husbandry
33:55 Bloodlines
34:46 Nomads
35:59 Town Watch
42:45 Imperial Age
41:38 Gold Shaft Mining
42:52 Elite Mangudai
43:33 Bracer
45:16 Heavy Plow
44:51 Onager
46:38 Chemistry
46:39 Ballistics
47:16 Conscription
48:22 Iron Casting
48:17 Town Patrol
48:36 Siege Onager
50:15 Masonry
verbumdei76
1:21 Loom
9:12 Loom
11:27 Feudal Age
15:32 Bloodlines
20:53 Castle Age
20:25 Stone Mining
28:31 Horse Collar
30:57 Fervor
34:11 Fletching
38:40 Scale Barding Armor
38:35 Town Watch
40:28 Double-Bit Axe
42:13 Chain Barding Armor
44:19 Wheelbarrow
GoogleWise
8:53 Feudal Age
11:25 Double-Bit Axe
11:32 Champi Runner
12:54 Loom
15:09 Horse Collar
21:46 Castle Age
22:41 Champi Warrior
24:18 Elite Skirmisher
25:16 Squires
31:35 Forging
31:28 Scale Mail Armor
33:57 Pikeman
37:26 Wheelbarrow
36:37 Town Watch
39:04 Stone Mining
39:04 Gold Mining
39:19 Heavy Plow
49:30 Imperial Age
52:49 Fletching
53:00 Padded Archer Armor
Meninkain
5:25 Loom
7:58 Feudal Age
10:32 Double-Bit Axe
14:10 Horse Collar
18:29 Wheelbarrow
22:01 Castle Age
21:20 Forging
21:16 Scale Barding Armor
21:23 Bloodlines
21:13 Gold Mining
22:26 Stone Mining
23:01 Husbandry
23:32 Heavy Plow
25:22 Chain Barding Armor
25:37 Iron Casting
25:22 Chain Barding Armor
25:19 Fletching
41:36 Bow Saw
42:06 Iron Casting
50:12 Hand Cart
50:37 Treadmill Crane
50:50 Light Cavalry
54:57 Imperial Age
Connection lost

Rejoining the realm…

Still unreachable

The connection could not be restored.

Session expired

The server has moved on; the page needs a fresh start.